 Dungeon Crawl Stone Soup version 0.30-a0-743-gbfdf073431 (webtiles) character file.

Game seed: 1396907950277203161

4237 mopl the Covert (level 10, 0/53 HPs)
             Began as a Vine Stalker Brigand on Feb 7, 2023.
             Was a Believer of Dithmenos.
             Slain by a hornet (5 damage)
             ... while paralysed by a hornet
             ... on level 9 of the Dungeon.
             The game lasted 00:07:59 (6893 turns).

mopl the Covert (Vine Stalker Brigand)              Turns: 6893, Time: 00:07:59

Health: 0/53       AC:  6    Str: 14    XL:     10   Next: 30%
Magic:  0/13       EV:  2    Int: 11    God:    Dithmenos [**....]
Gold:   352        SH:  0    Dex: 20    Spells: 9/9 levels left

rFire   . . .      SeeInvis .    a - +2 dagger (drain)
rCold   . . .      Faith    +    (no shield)
rNeg    . . .      Spirit   +    b - +0 robe
rPois   .          Reflect  .    (no helmet)
rElec   .          Harm     .    c - +0 cloak
rCorr   +          Rampage  .    u - +1 pair of gloves
Will    +....                    L - +0 pair of boots
Stlth   ++++++                   n - amulet of faith {!P}
HPRegen 1.08/turn                s - ring of resist corrosion
MPRegen 0.13/turn                N - +5 ring of evasion

@: paralysed, lethally poisoned (0 -> 0), slowed, wreathed by umbra
A: fangs 3, regeneration 1, magic shield, antimagic bite, no potion heal 2
a: Renounce Religion, Shadow Step


You were on level 9 of the Dungeon.
You worshipped Dithmenos.
Dithmenos was pleased with you.
You visited 1 branch of the dungeon, and saw 9 of its levels.

You collected 586 gold pieces.
You spent 234 gold pieces at shops.

Inventory:

Hand Weapons
 a - a +2 dagger of draining (weapon)
 P - a +1 dagger of holy wrath
Missiles
 d - 23 poisoned darts (quivered)
 e - 4 curare-tipped darts
 h - 9 boomerangs
 o - 5 throwing nets
 B - 3 javelins
 V - 3 atropa-tipped darts
Armour
 b - a +0 robe (worn)
 c - a +0 cloak (worn)
 u - a +1 pair of gloves (worn)
 L - a +0 pair of boots (worn)
 T - +0 acid dragon scales
Jewellery
 n - an amulet of faith (around neck) {!P}
 s - a ring of resist corrosion (left hand)
 C - an amulet of the acrobat
 N - a +5 ring of evasion (right hand)
 O - a ring of wizardry
Wands
 D - a wand of quicksilver (5)
 E - a wand of flame (23)
 K - a wand of paralysis (4)
Scrolls
 g - 4 scrolls of teleportation {unknown}
 i - 9 scrolls of identify {unknown}
 k - 3 scrolls of amnesia {unknown}
 m - 4 scrolls of vulnerability {unknown}
 p - a scroll of brand weapon {unknown}
 r - 3 scrolls of noise {unknown}
 v - a scroll of silence {unknown}
 x - 2 scrolls of fear {unknown}
 y - 5 scrolls of magic mapping {unknown}
 A - 2 scrolls of fog {unknown}
 I - 3 scrolls of enchant armour {unknown}
 J - a scroll of poison {unknown}
 R - a scroll of immolation {unknown}
 S - a scroll of blinking {unknown}
Potions
 f - 2 potions of haste {unknown}
 j - 3 potions of heal wounds {unknown}
 l - 2 potions of attraction {unknown}
 q - 2 potions of berserk rage {unknown}
 t - 7 potions of curing
 w - a potion of degeneration {unknown}
 z - 2 potions of ambrosia {unknown}
 F - a potion of might
 G - a potion of flight
 H - a potion of cancellation
 M - a potion of resistance {unknown}
 Q - 3 potions of brilliance {unknown}
 U - 2 potions of invisibility {unknown}
 W - a potion of lignification {unknown}


   Skills:
 + Level 5.7 Fighting
 * Level 8.0 Short Blades
 + Level 5.7 Throwing
 - Level 0.7 Dodging
 + Level 9.1 Stealth
 + Level 2.6 Invocations
 + Level 4.5 Evocations


You had 9 spell levels left.
You didn't know any spells.
Your spell library contained the following spells:

 Spells                   Type           Power      Damage    Failure   Level
 Magic Dart               Conj           0%         1d3       34%         1
 Call Imp                 Summ           0%         N/A       47%         2
 Gell's Gravitas          Tloc           0%         N/A       71%         3
 Ignite Poison            Fire/Tmut/Pois 0%         N/A       71%         3
 Mephitic Cloud           Conj/Pois/Air  0%         N/A       71%         3
 Ozocubu's Armour         Ice            0%         N/A       71%         3
 Teleport Other           Tloc           0%         N/A       71%         3
 Sticky Flame             Conj/Fire      0%         2d3       98%         4
 Dispersal                Tloc           0%         N/A       100%        6
 Ozocubu's Refrigeration  Ice            0%         4d7       100%        7
 Borgnjor's Revivificati  Necr           0%         N/A       100%        8
 Ignition                 Fire           0%         3d3       100%        8
 Necromutation            Tmut/Necr      0%         N/A       100%        8
 Death's Door             Necr           0%         N/A       100%        9


Dungeon Overview and Level Annotations

Branches:
Dungeon (9/15)             Temple (0/1) D:7
   Lair: D:8-11         Orc: D:9-12

Altars:
Ashenzari
Dithmenos
Elyvilon
Fedhas
Makhleb
Nemelex Xobeh
Okawaru
Vehumet
Wu Jian
Yredelemnul

Shops:
D:3 (   D:5 !   D:8 :

Annotations:
D:2 1 runed translucent door, Crazy Yiuf


Innate Abilities, Weirdness & Mutations

You have razor-sharp teeth.
Your natural rate of healing is unusually fast.
When hurt, damage is shared between your health and your magic reserves.
Your bite disrupts and absorbs the magic of your enemies.
Potions cannot restore your health.


Message History

The hornet closely misses you. The orc warrior closely misses you.
The orc barely misses you.
The orc wizard points at you and mumbles some strange words.
The magic dart hits you.
You hit the orc warrior but do no damage.
You drain the orc warrior.
You kill the orc warrior!
Dithmenos accepts your kill. The hornet stings you!
You feel yourself slow down. The orc wizard misses you. The orc misses you.
The orc barely misses you.
You completely miss the hornet. You bite the hornet. You drain its power.
You feel invigorated.
The hornet is lightly wounded.
The hornet closely misses you.
You hit the hornet but do no damage. You drain the hornet. You bite the hornet!
You drain its power.
The hornet is severely wounded.
The hornet stings you but does no damage.
The orc wizard hits you but does no damage.
The orc barely misses you. The orc closely misses you. The hornet stings you!
You suddenly lose the ability to move!
You feel yourself speed up.
The orc wizard hits you with a +0 dagger.
The orc hits you with a +0 club. The orc hits you with a +0 flail.
The hornet stings you.
You feel yourself slow down. The hornet stings you!
You feel as though you will be slow longer.
The orc wizard hits you but does no damage.
The orc hits you with a +0 club. The orc hits you with a +0 flail.
* * * LOW HITPOINT WARNING * * *
The hornet stings you.
* * * LOW HITPOINT WARNING * * *
You are poisoned.
You shrug off the repeated paralysis!
You feel sick.
The orc wizard points at you and mumbles some strange words.
The puff of flame hits you!
* * * LOW HITPOINT WARNING * * *
The orc hits you but does no damage. x2; The hornet stings you.
You die...

.............#..#
.............#..# .#
##'###########..#####.#
......................#
......................#
......................#
......................#
'#.............).o....#
.#....########..@y!..##
.#....# #.o)o...#
.#....# #.......#
.+....# #.......#
.+....# #.......#
.#....# #........?
##..... ...........
............


You could see a hornet (drained), an orc wizard and 2 orcs.

Vanquished Creatures
  3 yaks
  2 water moccasins (D:7)
  An acid dragon (D:8)
  3 orc warriors
  2 sky beasts
  2 black bears
  2 ice beasts
  3 ogres
  3 centaurs
  2 phantoms (D:6)
  2 kobold brigands (D:7)
  3 bullfrogs
  6 necrophages
  2 scorpions
  A vampire bat (D:5)
  2 howler monkeys (D:7)
  3 jellies
  2 orc priests (D:8)
  3 gnoll boudas
  4 hounds
  4 iguanas
  6 orc wizards (D:8)
  22 gnolls
  7 adders
  A shadow imp (D:7)
  A white imp (D:7)
  3 ufetubi
  3 worms
  A dart slug (D:4)
  3 fire bats (D:5)
  12 orcs
  2 spectral bats (D:5)
  16 bats
  3 bat skeletons (D:5)
  A bat zombie (D:5)
  6 endoplasms
  A giant cockroach (D:3)
  4 goblins
  5 hobgoblins
  4 jackals (D:5)
  17 kobolds
  4 quokkas
  5 ball pythons
  A bat simulacrum (D:5)
  A frilled lizard (D:1)
  5 rats
189 creatures vanquished.

Notes
Turn   | Place    | Note
-------+----------+-------------------------------------------
     0 | D:1      | mopl the Vine Stalker Brigand began the quest for the Orb.
     0 | D:1      | Reached XP level 1. HP: 11/11 MP: 2/2
   113 | D:1      | Reached skill level 2 in Short Blades
   240 | D:1      | Reached XP level 2. HP: 12/15 MP: 3/3
   284 | D:1      | Reached skill level 5 in Stealth
   531 | D:1      | Reached skill level 2 in Fighting
   531 | D:1      | Reached skill level 2 in Throwing
  1091 | D:2      | Found a runed translucent door.
  1097 | D:2      | Noticed Crazy Yiuf
  1162 | D:2      | Found a faded altar of an unknown god.
  1457 | D:3      | Reached XP level 3. HP: 18/18 MP: 4/4
  1470 | D:3      | Found Yneocsuw's Antique Weapon Emporium.
  1945 | D:3      | Found a broken altar of Ashenzari.
  2306 | D:4      | Noticed a scorpion
  2308 | D:4      | Killed a scorpion
  2309 | D:4      | Reached skill level 3 in Short Blades
  2309 | D:4      | Gained mutation: Your natural rate of healing is unusually
                  | fast. [Vine Stalker growth]
  2309 | D:4      | Reached XP level 4. HP: 23/23 MP: 5/5
  2352 | D:3      | Reached XP level 5. HP: 20/27 MP: 6/6
  2518 | D:4      | Found a radiant altar of Vehumet.
  2605 | D:4      | Reached skill level 3 in Throwing
  2605 | D:4      | Reached skill level 6 in Stealth
  2605 | D:4      | Reached XP level 6. HP: 16/32 MP: 3/7
  2626 | D:4      | Reached skill level 3 in Fighting
  2626 | D:4      | Reached skill level 4 in Short Blades
  2853 | D:5      | Entered Level 5 of the Dungeon
  2909 | D:5      | Found a blossoming altar of Fedhas.
  2911 | D:5      | Found an iron altar of Okawaru.
  3073 | D:5      | Reached XP level 7. HP: 36/36 MP: 8/8
  3074 | D:5      | Found Leodghok's Distillery.
  3089 | D:5      | Reached skill level 1 in Evocations
  3217 | D:5      | Bought a potion of curing for 39 gold pieces
  3217 | D:5      | Bought a potion of might for 52 gold pieces
  3217 | D:5      | Bought a potion of flight for 39 gold pieces
  3217 | D:5      | Bought a potion of cancellation for 104 gold pieces
  3383 | D:5      | Found an ornate altar of the Wu Jian Council.
  3458 | D:5      | Reached skill level 5 in Short Blades
  3527 | D:5      | Gained mutation: You have razor-sharp teeth. [Vine Stalker
                  | growth]
  3527 | D:5      | Reached XP level 8. HP: 36/42 MP: 9/9
  3573 | D:5      | Reached skill level 2 in Evocations
  3635 | D:5      | Reached skill level 7 in Stealth
  3660 | D:5      | Reached skill level 4 in Throwing
  3695 | D:5      | Reached skill level 4 in Fighting
  4128 | D:6      | Reached skill level 6 in Short Blades
  4178 | D:5      | Reached skill level 3 in Evocations
  4227 | D:6      | Reached XP level 9. HP: 43/46 MP: 10/10
  4337 | D:6      | Reached skill level 8 in Stealth
  4377 | D:6      | Found a shadowy altar of Dithmenos.
  4711 | D:6      | Found a sparkling altar of Nemelex Xobeh.
  4718 | D:6      | Reached skill level 5 in Fighting
  4718 | D:6      | Reached skill level 5 in Throwing
  4820 | D:6      | Became a worshipper of Dithmenos the Shadowed
  4874 | D:7      | Found a staircase to the Ecumenical Temple.
  4975 | D:7      | Reached skill level 7 in Short Blades
  5255 | D:7      | Reached skill level 1 in Invocations
  5271 | D:7      | Reached * piety under Dithmenos
  5278 | D:7      | Reached skill level 4 in Evocations
  5827 | D:7      | Found a basalt altar of Yredelemnul.
  5977 | D:7      | Found a burning altar of Makhleb.
  6066 | D:8      | Reached skill level 2 in Invocations
  6066 | D:8      | Reached XP level 10. HP: 22/51 MP: 4/12
  6129 | D:8      | Identified the +0 chain mail of the Moneychanger {rElec
                  | Dex+3 Slay-2 SInv}
  6191 | D:8      | Found Jituar's Vocational Training.
  6509 | D:8      | Reached ** piety under Dithmenos
  6542 | D:8      | Reached skill level 9 in Stealth
  6609 | D:8      | Found a white marble altar of Elyvilon.
  6807 | D:9      | Reached skill level 8 in Short Blades
  6890 | D:9      | Paralysed by a hornet for 3 turns
  6893 | D:9      | Slain by a hornet

Illustrated notes

Levels and vault maps discovered:
D:1:      amcnicky_arrival_gap_in_the_tavern_cellar, layout_basic,
          minmay_misc_feat_chi, minmay_hedge_maze
D:2:      layout_basic, shapermc_ecumenical_altar_notcrosses,
          uniq_crazy_yiuf_cottage
D:3:      layout_loops_corners, ashenzari_conservatory_becter, serial_shops,
          nicolae_diamond_shop
D:4:      layout_gridville, mainiacjoe_overflow_concentric_impassable
D:5:      layout_loops_ring, kennysheep_mini, jmf_multi_god_temple,
          serial_shops, nicolae_diamond_shop, goddamned_bats
D:6:      layout_basic, overflow_temple_1_default, nemelex_dance_club_becter,
          minmay_alternating_orb
D:7:      layout_loops_corners, makhleb_altar_promises_db,
          mainiacjoe_overflow_boulevard, minmay_temple_entry_slanted,
          dk_vineyard_2, nicolae_hexahallways
D:8:      layout_basic, elyvilon_altar_1, serial_glass, glass_columns_c,
          glass_columns_c, glass_columns_a, glass_columns_a, glass_columns_a,
          glass_columns_a, glass_columns_a, glass_columns_b, glass_columns_c,
          glass_columns_a, glass_columns_a, glass_columns_b, glass_columns_a,
          glass_columns_a, nicolae_shop_vocational
D:9:      layout_irregular_city, orc_0_dummy

Skill      XL: |  1  2  3  4  5  6  7  8  9 10 |
---------------+-------------------------------+-----
Short Blades   | 2 3 4 5 6 7 8 |  8.0
Stealth        | 5 6 7 8 9 |  9.1
Fighting       | 2 3 4 5 |  5.7
Throwing       | 2 3 4 5 |  5.7
Evocations     | 1 3 4 |  4.5
Invocations    | 2 |  2.6
Dodging        | |  0.7

Action                     |  1- 3 |  4- 6 |  7- 9 | 10-12 || total
---------------------------+-------+-------+-------+-------++-------
  Melee: Dagger            |    81 |    86 |   384 |   103 ||   654
         Bite              |    18 |    25 |   132 |    34 ||   209
         Punch             |       |     1 |     5 |     1 ||     7
  Throw: Dart              |       |       |    21 |       ||    21
   Stab: Sleeping          |    12 |     9 |    18 |     2 ||    41
         Distracted        |       |     1 |       |       ||     1
 Armour: Robe              |    15 |    15 |   140 |    24 ||   194
  Dodge: Dodged            |    36 |    52 |   262 |    64 ||   414

Table legend: (Time is in decaauts)
 A = Elapsed time spent in this place.
 B = Non-inter-level travel time spent in this place.
 C = Inter-level travel time spent in this place.
 D = Time resting spent in this place.
 E = Time spent auto-exploring this place.
 F = Levels seen in this place.
 G = Mean time per level.
                   A        B        C        D        E       F      G
               +--------+--------+--------+--------+--------+-----+--------+
         Total |   6709 |   6484 |    225 |     94 |   4973 |   9 |  745.4 |
       Dungeon |   6709 |   6484 |    225 |     94 |   4973 |   9 |  745.4 |
               +--------+--------+--------+--------+--------+-----+--------+

Top non-repeatable levels by time:
     D:7: 1120 daAuts
     D:5: 1018 daAuts
     D:3: 909 daAuts
     D:6: 897 daAuts
     D:8: 740 daAuts
     D:2: 737 daAuts
     D:1: 646 daAuts
     D:4: 541 daAuts
     D:9: 99 daAuts
